| TOP OF THE 1ST |
|
University of Michigan Wolverines batting - Pitching for Washington State University Cougars : RHP Briruc Fenuku
|
|
Pitching: RHP Briruc Fenuku
|
|
|
Batting: RHB Chris Williamson
|
0-0: Called Strike 0-1: Swinging Strike 0-2: Ball 1-2: Foul Ball, location: 2F 1-2: Ball 2-2: Foul Ball, location: 2F 2-2: Ground out 5-3 (Groundball, 5, EV 83.8 MPH)
|
|
Batting: RHB Danny Arroyo
|
0-0: Called Strike 0-1: Foul Ball, location: 2F 0-2: Strikes out looking
|
|
Batting: RHB Quirino Portel
|
0-0: Foul Ball, location: 2F 0-1: Fly out, F7 (Flyball, 78D, EV 106.2 MPH)
|
| Top of the 1st over - 0 runs, 0 hits, 0 errors, 0 left on base; University of Michigan 0 - Washington State University 0 |
| BOTTOM OF THE 1ST |
|
Washington State University Cougars batting - Pitching for University of Michigan Wolverines : LHP Omar Gutierrez
|
|
Pitching: LHP Omar Gutierrez
|
|
|
Batting: LHB David Jackson
|
0-0: Ball 1-0: Reached on error, E3 (Groundball, 34, EV 90.0 MPH)
|
|
Batting: LHB Israel Ariza
|
0-0: Called Strike 0-1: Ball 1-1: Ball 2-1: Foul Ball, location: 2F 2-2: Foul Ball, location: 2F 2-2: SINGLE (Groundball, 34D, EV 98.1 MPH) David Jackson to second Runner from 2nd tries for 3rd, SAFE, throw by RF made to third
|
|
Batting: SHB Juan Delanoval
|
0-0: Called Strike 0-1: SINGLE (Flyball, 8RS, EV 91.9 MPH) David Jackson scores Israel Ariza to second
|
|
Batting: RHB Mas Langat
|
0-0: Called Strike 0-1: Foul Ball, location: 2F 0-2: Ball 1-2: Strikes out swinging
|
|
Batting: LHB Scott Spillers
|
0-0: Ball 1-0: Ball 2-0: Called Strike 2-1: Foul Ball, location: 2F 2-2: Fly out, F6 (Popup, 6, EV 80.6 MPH)
|
|
Batting: RHB Wil Gonzales
|
0-0: Ball 1-0: Foul Ball, location: 2F 1-1: Called Strike 1-2: Ball 2-2: Fly out, F6 (Line Drive, 6, EV 68.8 MPH)
|
| Bottom of the 1st over - 1 run, 2 hits, 1 error, 2 left on base; University of Michigan 0 - Washington State University 1 |
| TOP OF THE 2ND |
|
University of Michigan Wolverines batting - Pitching for Washington State University Cougars : RHP Briruc Fenuku
|
|
Batting: LHB Lance Sabo
|
0-0: Fly out, F8 (Flyball, 8RD, EV 95.6 MPH)
|
|
Batting: RHB Aaron Marakovits
|
0-0: Called Strike 0-1: Foul Ball, location: 2F 0-2: Strikes out looking
|
|
Batting: RHB Mario Cruz
|
0-0: Ball 1-0: Ball 2-0: Called Strike 2-1: Ground out 5-3 (Groundball, 56, EV 88.8 MPH)
|
| Top of the 2nd over - 0 runs, 0 hits, 0 errors, 0 left on base; University of Michigan 0 - Washington State University 1 |
| BOTTOM OF THE 2ND |
|
Washington State University Cougars batting - Pitching for University of Michigan Wolverines : LHP Omar Gutierrez
|
|
Batting: RHB Ron Essink
|
0-0: Ball 1-0: Foul Ball, location: 2F 1-1: Ball 2-1: Ball 3-1: Base on Balls
|
|
Batting: RHB Joe Weber
|
0-0: Called Strike 0-1: Ball Ron Essink steals 2nd base 1-1: Called Strike 1-2: Foul Ball, location: 2F 1-2: SINGLE (Groundball, 6MD, EV 105.0 MPH) Ron Essink to third Runner from 3rd tries for Home, SAFE, throw by CF to home
|
|
Batting: RHB Briruc Fenuku
|
0-0: Called Strike 0-1: Swinging Strike 0-2: Foul Ball, location: 2F 0-2: Ball 1-2: Strikes out swinging
|
|
Batting: LHB David Jackson
|
0-0: Called Strike 0-1: Ball 1-1: Foul Ball, location: 2F 1-2: Ball 2-2: Strikes out looking
|
|
Batting: LHB Israel Ariza
|
0-0: Ball 1-0: Ball 2-0: Ball 3-0: Called Strike 3-1: Base on Balls Joe Weber to second
|
|
Batting: SHB Juan Delanoval
|
0-0: Called Strike 0-1: Ball 1-1: Foul Ball, location: 2F 1-2: Ball 2-2: Ball 3-2: DOUBLE (Line Drive, 5D, EV 94.4 MPH) Joe Weber scores Israel Ariza to third Israel Ariza scores
|
|
Batting: RHB Mas Langat
|
0-0: Ball 1-0: Ball 2-0: Foul Ball, location: 2F 2-1: Foul Ball, location: 2F 2-2: Ball 3-2: Base on Balls
|
|
Batting: LHB Scott Spillers
|
0-0: Swinging Strike 0-1: Ball 1-1: Ball Wild Pitch! Juan Delanoval to third Mas Langat to second 2-1: Ball 3-1: Foul Ball, location: 2F 3-2: Strikes out swinging
|
| Bottom of the 2nd over - 3 runs, 2 hits, 0 errors, 2 left on base; University of Michigan 0 - Washington State University 4 |
| TOP OF THE 3RD |
|
University of Michigan Wolverines batting - Pitching for Washington State University Cougars : RHP Briruc Fenuku
|
|
Batting: SHB Henrik Berg
|
0-0: Foul Ball, location: 2F 0-1: Foul Ball, location: 2F 0-2: Fly out, F7 (Flyball, 7D, EV 105.6 MPH)
|
|
Batting: LHB Murdock Cranton
|
0-0: Called Strike 0-1: Called Strike 0-2: Fly out, F8 (Flyball, 89M, EV 79.4 MPH)
|
|
Batting: RHB Torsten Ernst
|
0-0: Ball 1-0: Foul Ball, location: 2F 1-1: Ball 2-1: Called Strike 2-2: Ground out 6-3 (Groundball, P, EV 87.5 MPH)
|
| Top of the 3rd over - 0 runs, 0 hits, 0 errors, 0 left on base; University of Michigan 0 - Washington State University 4 |
| BOTTOM OF THE 3RD |
|
Washington State University Cougars batting - Pitching for University of Michigan Wolverines : LHP Omar Gutierrez
|
|
Batting: RHB Wil Gonzales
|
0-0: Ball 1-0: Ball 2-0: Foul Ball, location: 2F 2-1: Ball 3-1: Base on Balls
|
|
Batting: RHB Ron Essink
|
0-0: Called Strike 0-1: Swinging Strike 0-2: Strikes out swinging
|
|
Batting: RHB Joe Weber
|
0-0: Grounds into double play, 5-4-3 (Groundball, 56S, EV 85.0 MPH)
|
| Bottom of the 3rd over - 0 runs, 0 hits, 0 errors, 0 left on base; University of Michigan 0 - Washington State University 4 |
| TOP OF THE 4TH |
|
University of Michigan Wolverines batting - Pitching for Washington State University Cougars : RHP Briruc Fenuku
|
|
Batting: RHB Chris Williamson
|
0-0: Foul Ball, location: 2F 0-1: Ball 1-1: Ball 2-1: Foul Ball, location: 2F 2-2: Ball 3-2: Foul Ball, location: 2F 3-2: Ground out 4-3 (Groundball, 4, EV 92.5 MPH)
|
|
Batting: RHB Danny Arroyo
|
0-0: Ground out 6-3 (Groundball, 6, EV 83.8 MPH)
|
|
Batting: RHB Quirino Portel
|
0-0: Called Strike 0-1: SINGLE (Groundball, 56D, EV 100.6 MPH)
|
|
Batting: LHB Lance Sabo
|
0-0: Called Strike 0-1: Ball 1-1: Called Strike 1-2: Foul Ball, location: 2F 1-2: Foul Ball, location: 2F 1-2: Ball 2-2: Strikes out swinging
|
| Top of the 4th over - 0 runs, 1 hit, 0 errors, 1 left on base; University of Michigan 0 - Washington State University 4 |
| BOTTOM OF THE 4TH |
|
Washington State University Cougars batting - Pitching for University of Michigan Wolverines : LHP Omar Gutierrez
|
|
Batting: RHB Briruc Fenuku
|
0-0: Foul Ball, location: 2F 0-1: Ball 1-1: Ground out U3 (Groundball, 3S, EV 83.1 MPH)
|
|
Batting: LHB David Jackson
|
0-0: Foul Ball, location: 2F 0-1: Swinging Strike 0-2: Strikes out looking
|
|
Batting: LHB Israel Ariza
|
0-0: Called Strike 0-1: Ball 1-1: Called Strike 1-2: Strikes out swinging
|
| Bottom of the 4th over - 0 runs, 0 hits, 0 errors, 0 left on base; University of Michigan 0 - Washington State University 4 |
| TOP OF THE 5TH |
|
University of Michigan Wolverines batting - Pitching for Washington State University Cougars : RHP Briruc Fenuku
|
|
Batting: RHB Aaron Marakovits
|
0-0: Called Strike 0-1: Foul Ball, location: 2F 0-2: Strikes out swinging
|
|
Batting: RHB Mario Cruz
|
0-0: Ball 1-0: Ball 2-0: Foul Ball, location: 2F 2-1: Ball 3-1: Base on Balls
|
|
Batting: SHB Henrik Berg
|
0-0: Sac Bunt to 13S - play at first, batter OUT! 1-3 Mario Cruz to second
|
|
Batting: LHB Murdock Cranton
|
0-0: Ball 1-0: Fly out, F7 (Line Drive, 78M, EV 96.2 MPH)
|
| Top of the 5th over - 0 runs, 0 hits, 0 errors, 1 left on base; University of Michigan 0 - Washington State University 4 |
| BOTTOM OF THE 5TH |
|
Washington State University Cougars batting - Pitching for University of Michigan Wolverines : LHP Omar Gutierrez
|
|
Batting: SHB Juan Delanoval
|
0-0: Ball 1-0: Ball 2-0: Called Strike 2-1: Ball 3-1: Base on Balls
|
|
Batting: RHB Mas Langat
|
0-0: Ball 1-0: Called Strike Juan Delanoval steals 2nd base 1-1: Ball 2-1: Ball 3-1: Called Strike 3-2: 2-RUN HOME RUN (Flyball, 78XD, EV 115.0 MPH), Distance : 453 ft
|
|
Batting: LHB Scott Spillers
|
0-0: Foul Ball, location: 2F 0-1: Ball 1-1: Ball 2-1: SINGLE (Line Drive, 8RS, EV 94.4 MPH)
|
|
Batting: RHB Wil Gonzales
|
0-0: Ball 1-0: Swinging Strike 1-1: Foul Ball, location: 2F 1-2: Ball 2-2: Ball 3-2: Base on Balls Scott Spillers to second
|
|
Batting: RHB Ron Essink
|
0-0: Ball 1-0: SINGLE (Flyball, 7LM, EV 93.1 MPH) Scott Spillers to third Wil Gonzales to second
|
|
Batting: RHB Joe Weber
|
0-0: Ball 1-0: Called Strike 1-1: GRAND SLAM HOME RUN (Flyball, 7D, EV 102.5 MPH), Distance : 389 ft
|
|
Batting: RHB Briruc Fenuku
|
0-0: Called Strike 0-1: Called Strike 0-2: Strikes out swinging
|
|
Batting: LHB David Jackson
|
0-0: Foul Ball, location: 2F 0-1: SINGLE (Groundball, 13, EV 88.1 MPH) (infield hit)
|
|
Batting: LHB Israel Ariza
|
0-0: Called Strike 0-1: DOUBLE (Line Drive, 78D, EV 114.4 MPH) David Jackson to third
|
|
Batting: SHB Juan Delanoval
|
0-0: Ball 1-0: 3-RUN HOME RUN (Flyball, 7D, EV 100.0 MPH), Distance : 388 ft
|
|
Batting: RHB Mas Langat
|
0-0: SOLO HOME RUN (Flyball, 8RXD, EV 116.2 MPH), Distance : 450 ft
|
|
Batting: LHB Scott Spillers
|
0-0: Fly out, F8 (Flyball, 8LM, EV 83.8 MPH)
|
|
Batting: RHB Wil Gonzales
|
0-0: Fly out, F8 (Flyball, 8RD, EV 96.2 MPH)
|
| Bottom of the 5th over - 10 runs, 8 hits, 0 errors, 0 left on base; University of Michigan 0 - Washington State University 14 |
| TOP OF THE 6TH |
|
University of Michigan Wolverines batting - Pitching for Washington State University Cougars : RHP Briruc Fenuku
|
|
Batting: RHB Torsten Ernst
|
0-0: Called Strike 0-1: Called Strike 0-2: Fly out, F7 (Flyball, 78S, EV 86.2 MPH)
|
|
Batting: RHB Chris Williamson
|
0-0: Foul Ball, location: 2F 0-1: Ground out 4-3 (Groundball, 4S, EV 67.5 MPH)
|
|
Batting: RHB Danny Arroyo
|
0-0: Ground out 5-3 (Groundball, 56, EV 108.8 MPH)
|
| Top of the 6th over - 0 runs, 0 hits, 0 errors, 0 left on base; University of Michigan 0 - Washington State University 14 |
| BOTTOM OF THE 6TH |
|
Washington State University Cougars batting - Pitching for University of Michigan Wolverines : LHP Omar Gutierrez
|
|
Batting: RHB Ron Essink
|
0-0: Called Strike 0-1: Called Strike 0-2: Ball 1-2: Foul Ball, location: 2F 1-2: Ball 2-2: Strikes out swinging
|
|
Batting: RHB Joe Weber
|
0-0: Called Strike 0-1: TRIPLE (Line Drive, 9D, EV 108.1 MPH)
|
|
Batting: RHB Briruc Fenuku
|
0-0: 2-RUN HOME RUN (Flyball, 7D, EV 100.0 MPH), Distance : 396 ft
|
|
Batting: LHB David Jackson
|
0-0: Fly out, F8 (Flyball, 89M, EV 89.4 MPH)
|
|
Batting: LHB Israel Ariza
|
0-0: SINGLE (Groundball, 34D, EV 110.6 MPH)
|
|
Batting: SHB Juan Delanoval
|
0-0: Ball 1-0: Ball 2-0: Ball 3-0: Base on Balls Israel Ariza to second
|
|
Batting: RHB Mas Langat
|
0-0: Called Strike 0-1: Ball 1-1: Swinging Strike 1-2: Ball 2-2: Strikes out swinging
|
| Bottom of the 6th over - 2 runs, 3 hits, 0 errors, 2 left on base; University of Michigan 0 - Washington State University 16 |
| TOP OF THE 7TH |
|
University of Michigan Wolverines batting - Pitching for Washington State University Cougars : RHP Briruc Fenuku
|
|
Batting: RHB Quirino Portel
|
0-0: Called Strike 0-1: Ground out 5-3 (Groundball, 5, EV 77.5 MPH)
|
|
Batting: LHB Lance Sabo
|
0-0: Ball 1-0: Foul Ball, location: 2F 1-1: SOLO HOME RUN (Flyball, 9D, EV 98.8 MPH), Distance : 376 ft
|
|
Batting: RHB Aaron Marakovits
|
0-0: Called Strike 0-1: Foul Ball, location: 2F 0-2: Strikes out swinging
|
|
Batting: RHB Mario Cruz
|
0-0: Ball 1-0: Called Strike 1-1: Ball 2-1: Called Strike 2-2: Strikes out swinging
|
| Top of the 7th over - 1 run, 1 hit, 0 errors, 0 left on base; University of Michigan 1 - Washington State University 16 |
| BOTTOM OF THE 7TH |
|
Washington State University Cougars batting - Pitching for University of Michigan Wolverines : LHP Omar Gutierrez
|
|
Pinch Hitting: LHB Willy Berrios
|
0-0: SINGLE (Groundball, 34D, EV 98.8 MPH)
|
|
Batting: RHB Wil Gonzales
|
0-0: SINGLE (Groundball, 4MD, EV 99.4 MPH) Willy Berrios to second
|
|
Batting: RHB Ron Essink
|
0-0: Fly out, F8 (Flyball, 8RM, EV 94.4 MPH)
|
|
Batting: RHB Joe Weber
|
0-0: Foul Ball, location: 2F 0-1: DOUBLE (Line Drive, 9LD, EV 106.2 MPH) Willy Berrios scores Wil Gonzales to third
|
|
Batting: RHB Briruc Fenuku
|
0-0: Ball 1-0: Ball 2-0: Called Strike 2-1: DOUBLE (Flyball, 8LD, EV 103.8 MPH) Wil Gonzales scores Joe Weber scores
|
|
Pinch Hitting: RHB Ryan Toth
|
0-0: Swinging Strike 0-1: Ball Passed Ball! Briruc Fenuku to third 1-1: Foul Ball, location: 2F 1-2: Strikes out swinging
|
|
Batting: LHB Israel Ariza
|
0-0: Ball 1-0: SINGLE (Line Drive, 78S, EV 102.5 MPH) Briruc Fenuku scores
|
|
Batting: SHB Juan Delanoval
|
0-0: Called Strike 0-1: Called Strike 0-2: SINGLE (Line Drive, 34, EV 98.1 MPH) Israel Ariza to second
|
|
Batting: RHB Mas Langat
|
0-0: Ball 1-0: Fly out, F9 (Line Drive, 9D, EV 91.9 MPH)
|
| Bottom of the 7th over - 4 runs, 6 hits, 0 errors, 2 left on base; University of Michigan 1 - Washington State University 20 |
| TOP OF THE 8TH |
|
University of Michigan Wolverines batting - Pitching for Washington State University Cougars : RHP Briruc Fenuku
|
|
Now in LF: Ryan Toth
|
|
|
Now in RF: Willy Berrios
|
|
|
Batting: SHB Henrik Berg
|
0-0: Foul Ball, location: 2F 0-1: Called Strike 0-2: Foul Ball, location: 2F 0-2: Ball 1-2: Ball 2-2: Strikes out swinging
|
|
Batting: LHB Murdock Cranton
|
0-0: Called Strike 0-1: Fly out, F7 (Line Drive, 7D, EV 105.6 MPH)
|
|
Batting: RHB Torsten Ernst
|
0-0: Ground out 6-3 (Groundball, 6, EV 84.4 MPH)
|
| Top of the 8th over - 0 runs, 0 hits, 0 errors, 0 left on base; University of Michigan 1 - Washington State University 20 |
| BOTTOM OF THE 8TH |
|
Washington State University Cougars batting - Pitching for University of Michigan Wolverines : LHP Omar Gutierrez
|
|
Batting: LHB Willy Berrios
|
0-0: SINGLE (Line Drive, 6D, EV 104.4 MPH)
|
|
Batting: RHB Wil Gonzales
|
0-0: Ball 1-0: Called Strike 1-1: Called Strike 1-2: 2-RUN HOME RUN (Flyball, 7LD, EV 98.8 MPH), Distance : 379 ft
|
|
Batting: RHB Ron Essink
|
0-0: Ball 1-0: Ball 2-0: Called Strike 2-1: Called Strike 2-2: Ball 3-2: Base on Balls
|
|
Batting: RHB Joe Weber
|
0-0: Ball 1-0: Foul Ball, location: 2F 1-1: Foul Ball, location: 2F 1-2: Strikes out swinging
|
|
Batting: RHB Briruc Fenuku
|
0-0: Foul Ball, location: 2F 0-1: SINGLE (Groundball, 5L, EV 97.5 MPH) Ron Essink to second
|
|
Batting: RHB Ryan Toth
|
0-0: Ball 1-0: Called Strike 1-1: Ball 2-1: Swinging Strike 2-2: Strikes out swinging
|
|
Batting: LHB Israel Ariza
|
0-0: Foul Ball, location: 2F 0-1: Called Strike 0-2: Strikes out swinging
|
| Bottom of the 8th over - 2 runs, 3 hits, 0 errors, 2 left on base; University of Michigan 1 - Washington State University 22 |
| TOP OF THE 9TH |
|
University of Michigan Wolverines batting - Pitching for Washington State University Cougars : RHP Briruc Fenuku
|
|
Batting: RHB Chris Williamson
|
0-0: Called Strike 0-1: Called Strike 0-2: Ball 1-2: Foul Ball, location: 2F 1-2: Ground out 1-3 (Groundball, 15S, EV 66.2 MPH)
|
|
Batting: RHB Danny Arroyo
|
0-0: DOUBLE (Flyball, 89D, EV 108.8 MPH)
|
|
Batting: RHB Quirino Portel
|
0-0: Called Strike 0-1: DOUBLE (Line Drive, 8LD, EV 99.4 MPH) Danny Arroyo scores
|
|
Batting: LHB Lance Sabo
|
0-0: Ball 1-0: Ground out 4-3 (Groundball, 34D, EV 98.1 MPH) Quirino Portel to third
|
|
Batting: RHB Aaron Marakovits
|
0-0: Foul Ball, location: 2F 0-1: Foul Ball, location: 2F 0-2: Ball 1-2: Ball 2-2: Strikes out looking
|
| Top of the 9th over - 1 run, 2 hits, 0 errors, 1 left on base; University of Michigan 2 - Washington State University 22 |
|